 Dungeon Crawl Stone Soup version 0.27-a0-1332-g84bddb5ca7 (webtiles) character file.

Game seed: 8463196223615666786

30434 Sobieck the Fighter (level 13, 0/222 HPs)
             Began as an Ogre Berserker on June 25, 2021.
             Was a High Priest of Trog.
             Slain by a meliai (3 damage)
             ... on level 14 of the Dungeon.
             The game lasted 00:51:43 (20685 turns).

Sobieck the Fighter (Ogre Berserker)               Turns: 20685, Time: 00:51:43

Health: 0/222      AC:  9    Str: 33    XL:     13   Next: 51%
Magic:  4/4        EV: 13    Int: 10    God:    Trog [*****.]
Gold:   437        SH:  5    Dex: 11    Spells: 12/12 levels left

rFire    + . .     SeeInvis +   a - +4 giant spiked club (freeze) {mace}
rCold    + . .     Faith    .   (shield currently unavailable)
rNeg     . . .     Spirit   .   U - +0 troll leather armour
rPois    .         Reflect  +   S - +1 hat
rElec    +         Harm     .   x - +2 cloak {Will+}
rCorr    .         Rampage  .   (gloves unavailable)
Will     ++...     Clarity  +   (boots unavailable)
Stlth    ..........             O - amulet of reflection
HPRegen  1.47/turn              F - ring of protection from cold
MPRegen  0.09/turn              e - ring "Vexkast" {rElec rF+ MP-9 Str+6 SInv}

@: berserking (expiring), lethally poisoned (0 -> -2), very quick
A: large, unfitting armour, tough skin 1, agile 1, clarity, clever 1
a: Renounce Religion, Berserk, Trog's Hand, Brothers in Arms


You were on level 14 of the Dungeon.
You worshipped Trog.
Trog was extremely pleased with you.
You visited 1 branch of the dungeon, and saw 15 of its levels.
You visited the Abyss 1 time.
You also visited: Ossuary.

You collected 909 gold pieces.
You spent 472 gold pieces at shops.


Innate Abilities, Weirdness & Mutations

You are too large for most types of armour.
You have tough skin. (AC +1)
You are agile. (Dex +2)
You possess an exceptional clarity of mind.
Your mind is acute. (Int +2)


   Skills:
 + Level 14.4 Fighting
 + Level 13.3 Maces & Flails
 + Level 6.9 Throwing
 - Level 11.0 Dodging


You had 12 spell levels left.
You didn't know any spells.
Your spell library contained the following spells:

 Spells                   Type           Power      Damage    Failure   Level
 Animate Skeleton         Necr           0%         N/A       38%         1
 Apportation              Tloc           0%         N/A       38%         1
 Corona                   Hex            0%         N/A       38%         1
 Pain                     Necr           0%         1d4       38%         1
 Sandblast                Erth           0%         2d4       38%         1
 Summon Small Mammal      Summ           0%         N/A       38%         1
 Call Imp                 Summ           0%         N/A       54%         2
 Ensorcelled Hibernation  Hex/Ice        0%         N/A       54%         2
 Passwall                 Tmut/Erth      0%         N/A       54%         2
 Call Canine Familiar     Summ           0%         N/A       77%         3
 Confusing Touch          Hex            0%         N/A       77%         3
 Dazzling Flash           Conj/Hex       0%         N/A       77%         3
 Gell's Gravitas          Tloc           0%         N/A       77%         3
 Lesser Beckoning         Tloc           0%         N/A       77%         3
 Stone Arrow              Conj/Erth      0%         3d7       77%         3
 Summon Guardian Golem    Hex/Summ       0%         N/A       77%         3
 Tukima's Dance           Hex            0%         N/A       77%         3
 Vampiric Draining        Necr           0%         2d6       77%         3
 Animate Dead             Necr           0%         N/A       99%         4
 Petrify                  Tmut/Erth      0%         N/A       99%         4
 Summon Ice Beast         Ice/Summ       0%         N/A       99%         4
 Summon Lightning Spire   Summ/Air       0%         N/A       99%         4
 Agony                    Necr           0%         N/A       100%        5
 Alistair's Intoxication  Tmut/Pois      0%         N/A       100%        5
 Lee's Rapid Deconstruct  Erth           0%         3d5*      100%        5
 Metabolic Englaciation   Hex/Ice        0%         N/A       100%        5
 Yara's Violent Unravell  Hex/Tmut       0%         3d3       100%        5
 Invisibility             Hex            0%         N/A       100%        6

Inventory:

Hand Weapons
 a - a +4 giant spiked club of freezing (weapon) {mace}
   (You took it off an ogre on level 7 of the Dungeon)
 b - a +1 hunting sling of flaming {sling}
   (You took it off a goblin on level 4 of the Dungeon)
 A - the +5 short sword of Courage {elec, rElec rN+ Str+5 SInv, short}
   (You found it on level 9 of the Dungeon)

   Occasionally, upon striking a foe, it can discharge electrical energy and
   cause terrible harm.
   It affects your strength (+5).
   It insulates you from electricity.
   It protects you from negative energy.
   It lets you see invisible.
 R - a +0 longbow {bow}
   (You took it off a centaur warrior on level 14 of the Dungeon)
Missiles
 c - 47 poisoned darts (quivered) {throwing}
 d - 306 arrows
 h - 463 stones {throwing}
 j - 6 silver javelins {throwing}
 k - 69 sling bullets
 l - 13 large rocks {=fthrowing}
 p - 6 datura-tipped darts {throwing}
 q - 11 boomerangs {throwing}
 r - 57 bolts
 B - a throwing net {=f!fthrowing}
 Z - a curare-tipped dart {=fthrowing}
Armour
 x - a +2 cloak of willpower (worn)
   (You took it off Crazy Yiuf on level 3 of the Dungeon)
 S - a +1 hat (worn)
   (You bought it in a shop on level 3 of the Dungeon)
 U - a +0 troll leather armour (worn)
   (You found it on level 9 of the Dungeon)
 V - a +2 robe of fire resistance
   (You found it on level 8 of the Dungeon)
 X - a +2 robe of cold resistance
   (You took it off Fannar on level 10 of the Dungeon)
Jewellery
 e - the ring "Vexkast" (right hand) {rElec rF+ MP-9 Str+6 SInv}
   (You took it off an orc warrior on level 11 of the Dungeon)

   [ring of strength]

   It affects your strength (+6).
   It protects you from fire.
   It insulates you from electricity.
   It affects your magic capacity (-9).
   It lets you see invisible.
 D - a ring of ice
   (You found it on level 5 of the Dungeon)
 F - a ring of protection from cold (left hand)
   (You found it on level 1 of the Abyss)
 O - an amulet of reflection (around neck)
   (You bought it in a shop on level 2 of the Dungeon)
 P - a ring of magical power
   (You found it on level 14 of the Dungeon)
 T - a ring of magical power
   (You found it on level 1 of the Abyss)
 Y - a ring of ice
   (You took it off Fannar on level 10 of the Dungeon)
Wands
 y - a wand of polymorph (20)
   (You found it on level 4 of the Dungeon)
 C - a wand of flame (26)
   (You took it off Sigmund on level 5 of the Dungeon)
 J - a wand of iceblast (13)
   (You found it on level 7 of the Dungeon)
 M - a wand of paralysis (4)
   (You found it on level 7 of the Dungeon)
 N - a wand of acid (6)
   (You found it on level 14 of the Dungeon)
Scrolls
 g - 3 scrolls of teleportation {@r4}
 o - 3 scrolls of fear
 s - 3 scrolls of fog
 w - a scroll of magic mapping {!r}
 E - 3 scrolls of immolation {!r!r}
 I - a scroll of brand weapon
 Q - a scroll of silence {!r}
Potions
 f - a potion of mutation {!q}
 m - 9 potions of curing {@q1}
 n - 4 potions of berserk rage {!q}
 t - 2 potions of ambrosia
 u - 6 potions of heal wounds {@q2}
 v - 3 potions of lignification {!q}
 z - a potion of cancellation {unknown}
 G - 3 potions of flight
 H - 2 potions of magic
 K - a potion of resistance {unknown}
 L - 2 potions of degeneration {unknown}
 W - 3 potions of attraction {unknown}
Miscellaneous
 i - a tin of tremorstones (2/2) {throwing}
   (You found it on level 11 of the Dungeon)

Dungeon Overview and Level Annotations

Branches:
Dungeon (15/15)            Temple (0/1) D:4            Lair (0/6) D:11
    Orc (0/2) D:9         Ossuary (visited)
 Vaults: D:13-14     Depths: D:15

Altars:
Ashenzari
Gozag
Hepliaklqana
Ru
Uskayaw
Xom
Yredelemnul
The Shining One
Beogh

Shops:
D:1 (*   D:2 [(*=[   D:3 [ D:4

*:
.........###'###.###'###
.........'.............+
.........###'###.###'###
....####.# #.# #.# #.#
'#+##....# #.###.###.#
.........# #...'.'...#
.........# #####.#####
########.# #.#
..#######@#######.
........y.........
...........(......
##'#............... .
..........#####. ..
..........# ##
..........# ..........#
.........#


You could see a meliai.


Message History

You feel yourself moving faster!
You feel mighty!
You feel very sick.
The meliai buzzes angrily.
The meliai hits you with a +0 hand axe. The meliai stings you.
You are more poisoned.
The meliai poisons you!
The meliai mumbles some strange prayers to its god against you.
Something smites you!
The meliai mumbles some strange prayers to its god against you.
Something smites you! The meliai closely misses you. The meliai stings you.
The cyclops hits you but does no damage. 😮 HP[+18]
You now have 222 max hp (+74).
You regained 18 hp, and now have 137/222 hp.
You thump the cyclops! You freeze the cyclops.
You feel extremely sick. The meliai hits you with a +0 hand axe!
The meliai stings you.
You are more poisoned.
The meliai poisons you! The cyclops hits you. 😮 HP[-23]
You take 23 damage, and now have 114/222 hp.
You bludgeon the cyclops!! You freeze the cyclops!
You kill the cyclops!
Trog accepts your kill.
You feel extremely sick. The meliai misses you. The meliai barely misses you.
The meliai hits you with a +2 vorpal broad axe!!
* * * LOW HITPOINT WARNING * * *
x2 The meliai barely misses you. 😨 HP[-32]
You take 32 damage, and now have 82/222 hp.
You feel very sick. The meliai closely misses you. The meliai stings you.
* * * LOW HITPOINT WARNING * * *
The meliai hits you with a +0 hand axe.
* * * LOW HITPOINT WARNING * * *
The meliai stings you.
* * * LOW HITPOINT WARNING * * *
There is an open door here. 😨 HP[-8]
You take 8 damage, and now have 74/222 hp.
Unknown command.
You feel a strong urge to attack something.
You feel very sick. 😨 HP[-5]
You take 5 damage, and now have 69/222 hp.
You crush the meliai like a grape!!! You freeze the meliai!
You kill the meliai!
Trog accepts your kill.
You feel very sick.
The meliai invokes the aid of its god against you.
Something smites you!
* * * LOW HITPOINT WARNING * * *
You block the meliai's attack. The meliai stings you!
* * * LOW HITPOINT WARNING * * *
The meliai hits you from afar with a +0 trident!
* * * LOW HITPOINT WARNING * * *
😱 HP[-35]
You take 35 damage, and now have 34/222 hp.
You miss the meliai.
You feel very sick. The meliai misses you. The meliai barely misses you.
The meliai completely misses you. 😱 HP[-3]
You take 3 damage, and now have 31/222 hp.
Unknown command.
You bludgeon the meliai!! You freeze the meliai!
You kill the meliai!
Trog accepts your kill.
You feel very sick.
The meliai hits you from afar with a +0 trident.
* * * LOW HITPOINT WARNING * * *
The meliai hits you from afar with a +0 trident.
* * * LOW HITPOINT WARNING * * *
😱 HP[-9]
You take 9 damage, and now have 22/222 hp.
Unknown command.
You feel very sick. The meliai hits you but does no damage.
The meliai misses you.
There is an open door here.
Items here: $ )) ? [[ †. 😱 HP[-2]
You take 2 damage, and now have 20/222 hp.
You barely miss the meliai.
You feel very sick. The meliai hits you with a +0 trident.
* * * LOW HITPOINT WARNING * * *
The meliai barely misses you. The meliai misses you.
The meliai stings you but does no damage. 😱 HP[-4]
You take 4 damage, and now have 16/222 hp.
You hit the meliai. You freeze the meliai.
You feel sick. The meliai hits you with a +0 trident!
* * * LOW HITPOINT WARNING * * *
The meliai stings you.
* * * LOW HITPOINT WARNING * * *
😱 HP[-12]
You take 12 damage, and now have 4/222 hp.
You miss the meliai.
You feel sick. The meliai hits you with a +0 trident.
You die...

Skill      XL: |  1  2  3  4  5  6  7  8  9 10 11 12 13 |
---------------+----------------------------------------+-----
Dodging        | 3 4 5 6 7 9 11 | 11.0
Maces & Flails | 3 4 5 6 7 9 11 12 13 | 13.3
Fighting       | 5 6 7 9 11 12 13 14 | 14.4
Throwing       | 5 6 |  6.9

Action                   |  1- 3 |  4- 6 |  7- 9 | 10-12 | 13-15 || total
-------------------------+-------+-------+-------+-------+-------++-------
Melee: Mace              |    69 |   186 |   274 |       |       ||   529
       Giant club        |       |       |     6 |       |       ||     6
       Giant spiked club |       |       |     2 |   340 |    81 ||   423
 Fire: Hunting sling     |       |       |    94 |    90 |       ||   184
Throw: Dart              |    17 |       |    14 |    18 |    10 ||    59
       Stone             |    22 |       |       |       |       ||    22
       Large rock        |       |       |       |    19 |     2 ||    21
Invok: Berserk           |     3 |     8 |    18 |    23 |     9 ||    61
       Trog's Hand       |       |       |     1 |     1 |       ||     2
  Use: Scroll            |     3 |     4 |    14 |    10 |     1 ||    32
       Potion            |       |       |       |     3 |       ||     3
 Stab: Sleeping          |       |       |     1 |       |       ||     1
Armor: Animal skin       |    23 |    69 |    82 |       |       ||   174
       Robe              |       |       |    29 |    21 |       ||    50
       Steam dragon scal |       |       |       |    58 |       ||    58
       Skin              |       |       |       |     9 |       ||     9
       Troll leather arm |       |       |       |    43 |    23 ||    66
Dodge: Dodged            |    31 |    92 |   150 |   252 |    73 ||   598
Block: Other             |       |       |       |    87 |    18 ||   105
       Reflection        |       |       |       |    10 |       ||    10

Levels and vault maps discovered:
D:1:      tarquinn_simple_flora_water_c, layout_loops_ring,
          shapermc_ecumenical_altar_venn, serial_shops,
          nicolae_shop_behind_doors, nicolae_shop_overgrown_old_shop,
          st_stairs_9
D:2:      layout_basic, serial_shops, shop, nicolae_square_shop,
          nicolae_diamond_shop, shop_statue, nicolae_shop_window_shopping,
          minmay_quadrilaterals
D:3:      layout_basic, nicolae_ru_path_of_blood, yredelemnul_altar_generic,
          lemuel_round_altar, serial_shops, nicolae_shop_window_shopping,
          grunt_decor_junction, uniq_crazy_yiuf_cottage
D:4:      layout_loops_ring, lemuel_tele_altar, minmay_temple_entry_poolview,
          gup_ossuary_entry_pyramid, serial_shops, nicolae_diamond_shop,
          minivault_24, nicolae_stop_n_shop_2, minmay_misc_feat_diagonals,
          nicolae_take_the_stairs
D:5:      layout_rooms, uniq_sigmund, uniq_blork_the_orc
D:6:      layout_basic, uniq_pikel
D:7:      layout_loops_ring
D:8:      layout_rooms, grunt_gozag_statues, nicolae_tso_besieged_by_evil,
          solitary_fountain, st_stairs_10, uniq_psyche
D:9:      layout_basic, ashenzari_altar_1, minmay_orc_entry_temple_small
D:10:     layout_loops_ring, nicolae_hepliaklqana_hazy_memory, uniq_fannar
D:11:     layout_irregular_city, erik_lair_orcish_takeover, uniq_josephine
D:12:     layout_cave_pools
D:13:     layout_stronghold
D:14:     layout_irregular_city, erik_vaults_1, minmay_door_square
D:15:     gammafunk_depths_entry_grave, layout_irregular_city,
          serial_bayou_pond_e, ice2_lemuel, uniq_nessos, uniq_agnes

Notes
Turn   | Place    | Note
-------+----------+-------------------------------------------
     0 | D:1      | Sobieck the Ogre Berserker began the quest for the Orb.
     0 | D:1      | Reached XP level 1. HP: 24/24 MP: 1/1
     0 | D:1      | magus.rc [v1.9.6]
    53 | D:1      | Found Wamaky's Antique Weapon Shoppe.
    72 | D:1      | Found a faded altar of an unknown god.
   147 | D:1      | Reached XP level 2. HP: 32/32 MP: 2/2
   161 | D:1      | You pick up a book of Misfortune {forbidden} and begin
                  | reading...
   161 | D:1      | You add the spells Confusing Touch, Gell's Gravitas,
                  | Petrify, Metabolic Englaciation and Yara's Violent
                  | Unravelling to your library.
   508 | D:2      | Reached skill level 3 in Dodging
   535 | D:1      | Found Fynuid's General Store.
   655 | D:1      | Reached skill level 3 in Maces & Flails
  1070 | D:2      | Found Robexkapn's Weapon Boutique.
  1101 | D:2      | Found Reewak's Antique Armour Boutique.
  1117 | D:2      | Reached XP level 3. HP: 38/40 MP: 3/3
  1589 | D:2      | Reached XP level 4. HP: 41/49 MP: 4/4
  1734 | D:2      | Reached skill level 5 in Fighting
  1939 | D:2      | Found Bomibyol's General Store.
  1959 | D:2      | Reached ** piety under Trog
  2162 | D:2      | Found Nost's Armour Emporium.
  2177 | D:2      | Found Qocuom's Jewellery Shoppe.
  2720 | D:3      | Reached XP level 5. HP: 57/57 MP: 5/5
  2878 | D:4      | Found a sand-covered staircase.
  2887 | Ossuary  | Entered an ossuary
  3281 | Ossuary  | Reached skill level 4 in Maces & Flails
  3281 | Ossuary  | Reached skill level 4 in Dodging
  3281 | Ossuary  | Reached XP level 6. HP: 67/67 MP: 6/6
  3292 | Ossuary  | Reached skill level 6 in Fighting
  3447 | Ossuary  | Reached *** piety under Trog
  3709 | Ossuary  | Reached XP level 7. HP: 76/76 MP: 7/7
  4345 | D:3      | Found a basalt altar of Yredelemnul.
  4385 | D:4      | Found Coqottism's Antique Armour Shoppe.
  4397 | D:4      | Reached skill level 7 in Fighting
  4435 | D:4      | You pick up a book of Maledictions {forbidden} and begin
                  | reading...
  4435 | D:4      | You add the spells Corona, Ensorcelled Hibernation,
                  | Tukima's Dance and Dazzling Flash to your library.
  4533 | D:3      | Found a shimmering altar of Xom.
  4605 | D:3      | Found Cefuwneo's Antique Armour Shop.
  4735 | D:3      | Found a sacrificial altar of Ru.
  4895 | D:3      | Found a runed translucent door.
  4896 | D:3      | Noticed Crazy Yiuf
  5019 | D:3      | Killed Crazy Yiuf
  5171 | D:5      | Entered Level 5 of the Dungeon
  5313 | D:4      | Reached skill level 5 in Dodging
  5450 | D:4      | Found Jiurius's Book Emporium.
  5468 | D:4      | Reached skill level 5 in Maces & Flails
  5602 | D:4      | Found Huikh's Assorted Antiques.
  5914 | D:4      | Reached XP level 8. HP: 88/88 MP: 8/8
  5914 | D:4      | Reached **** piety under Trog
  6138 | D:4      | Found a hide-covered altar of Uskayaw.
  6543 | D:4      | Found a staircase to the Ecumenical Temple.
  6761 | D:4      | Reached skill level 8 in Fighting
  7475 | D:5      | Reached skill level 6 in Maces & Flails
  7486 | D:5      | Noticed Sigmund
  7502 | D:5      | Reached skill level 6 in Dodging
  7508 | D:5      | Killed Sigmund
  7509 | D:5      | Reached skill level 9 in Fighting
  7716 | D:5      | You pick up a book of Necromancy {forbidden} and begin
                  | reading...
  7716 | D:5      | You add the spells Pain, Animate Skeleton, Vampiric
                  | Draining, Animate Dead and Agony to your library.
  7733 | D:5      | Noticed Blork the orc
  7744 | D:5      | Killed Blork the orc
  7745 | D:5      | Reached XP level 9. HP: 98/98 MP: 9/9
  8243 | D:6      | Noticed Pikel
  8380 | D:6      | Killed Pikel
  8381 | D:6      | Reached skill level 10 in Fighting
  8381 | D:6      | Reached skill level 7 in Maces & Flails
  8381 | D:6      | Reached skill level 7 in Dodging
  8530 | D:6      | You pick up a book of Party Tricks {forbidden} and begin
                  | reading...
  8530 | D:6      | You add the spells Apportation, Lesser Beckoning,
                  | Alistair's Intoxication and Invisibility to your library.
 10353 | D:8      | Noticed Psyche
 10400 | D:8      | Killed Psyche
 10401 | D:8      | Reached skill level 11 in Fighting
 10401 | D:8      | Reached XP level 10. HP: 113/113 MP: 10/10
 10595 | D:8      | Reached skill level 8 in Maces & Flails
 10595 | D:8      | Reached skill level 8 in Dodging
 10607 | D:8      | HP: 38/169 [wight (7)]
 10612 | D:8      | HP: 30/169 [wight (3)]
 11061 | D:8      | Noticed a two-headed ogre
 11083 | D:8      | Killed a two-headed ogre
 11933 | D:2      | Bought an amulet of reflection for 360 gold pieces
 12107 | D:8      | Found a glowing golden altar of the Shining One.
 12342 | D:8      | Reached ***** piety under Trog
 12532 | D:8      | Found an opulent altar of Gozag.
 12772 | D:9      | Found a broken altar of Ashenzari.
 12842 | D:9      | Identified the +5 short sword of Courage {elec, rElec rN+
                  | Str+5 SInv}
 12873 | D:10     | Entered Level 10 of the Dungeon
 12894 | D:9      | Reached skill level 12 in Fighting
 12932 | D:9      | Found a staircase to the Orcish Mines.
 13355 | D:10     | Reached skill level 9 in Maces & Flails
 13355 | D:10     | Reached skill level 9 in Dodging
 13550 | D:9      | You are cast into the Abyss!
 13550 | D:9      | Cast into level 1 of the Abyss (orc priest)
 13598 | Abyss:1  | Received a gift from Trog
 13644 | Abyss:1  | Noticed a starcursed mass
 13663 | Abyss:1  | Found a corrupted altar of Lugonu.
 13729 | Abyss:1  | Noticed a red very ugly thing
 13733 | Abyss:1  | Noticed a large abomination
 13740 | Abyss:1  | HP: 31/172 [large abomination (25)]
 13741 | Abyss:1  | Killed a large abomination
 13742 | Abyss:1  | Reached XP level 11. HP: 34/123 MP: 11/11
 13940 | Abyss:1  | Noticed a large abomination
 13946 | Abyss:1  | Killed a large abomination
 13949 | Abyss:1  | Noticed a worldbinder
 13952 | Abyss:1  | Noticed a thrashing horror
 13957 | Abyss:1  | Killed a worldbinder
 14193 | Abyss:1  | Gained mutation: You are occasionally teleported next to
                  | monsters. [a neqoxec]
 14225 | Abyss:1  | Noticed a bone dragon
 14305 | Abyss:1  | Reached skill level 10 in Maces & Flails
 14305 | Abyss:1  | Reached skill level 10 in Dodging
 14372 | Abyss:1  | Noticed a tentacled starspawn
 14380 | Abyss:1  | Killed a tentacled starspawn
 14384 | D:9      | You pass through the gate.
 14384 | D:9      | Escaped the Abyss
 14620 | D:9      | Lost mutation: You are occasionally teleported next to
                  | monsters. [potion of mutation]
 14620 | D:9      | Gained mutation: You are agile. (Dex +2) [potion of
                  | mutation]
 14620 | D:9      | Gained mutation: Your mind is acute. (Int +2) [potion of
                  | mutation]
 15103 | D:9      | You pick up a book of Callings {forbidden} and begin
                  | reading...
 15103 | D:9      | You add the spells Summon Small Mammal, Call Imp, Call
                  | Canine Familiar, Summon Guardian Golem, Summon Lightning
                  | Spire and Summon Ice Beast to your library.
 15343 | D:10     | You pick up a book of Cantrips {forbidden} and begin
                  | reading...
 15542 | D:3      | Bought a hat for 112 gold pieces
 15840 | D:11     | Noticed Josephine
 15907 | D:10     | Noticed a two-headed ogre
 15914 | D:10     | Killed a two-headed ogre
 15915 | D:10     | Reached skill level 11 in Maces & Flails
 15915 | D:10     | Reached skill level 11 in Dodging
 15977 | D:10     | Found a hazy altar of Hepliaklqana.
 16247 | D:10     | Noticed Fannar
 16261 | D:10     | Killed Fannar
 16262 | D:10     | Reached XP level 12. HP: 132/132 MP: 12/12
 16628 | D:11     | Gained mutation: You possess an exceptional clarity of
                  | mind. [a neqoxec]
 16791 | D:11     | Noticed a five-headed hydra
 16797 | D:11     | Killed a five-headed hydra
 16805 | D:11     | Killed Josephine
 16806 | D:11     | Reached skill level 12 in Maces & Flails
 16806 | D:11     | Reached skill level 1 in Throwing
 17005 | D:11     | Reached skill level 2 in Throwing
 17030 | D:11     | Identified the ring "Vexkast" {rElec rF+ MP-9 Str+6 SInv}
 17252 | D:11     | Found a staircase to the Lair.
 17447 | D:11     | Noticed a boulder beetle
 17454 | D:11     | Killed a boulder beetle
 17455 | D:11     | Reached skill level 3 in Throwing
 18089 | D:12     | Noticed a six-headed hydra
 18101 | D:12     | Killed a six-headed hydra
 18159 | D:12     | Reached skill level 13 in Fighting
 18159 | D:12     | Reached skill level 4 in Throwing
 18406 | D:12     | Noticed a death knight
 18415 | D:12     | Killed a death knight
 18586 | D:12     | Reached skill level 5 in Throwing
 18708 | D:13     | Reached XP level 13. HP: 113/144 MP: 4/13
 19173 | D:13     | HP: 31/142 [centaur warrior (9)]
 19535 | D:13     | Reached skill level 13 in Maces & Flails
 19594 | D:13     | Reached skill level 6 in Throwing
 19872 | D:13     | Reached skill level 14 in Fighting
 20015 | D:14     | You pick up a book of Geomancy {forbidden} and begin
                  | reading...
 20015 | D:14     | You add the spells Sandblast, Passwall, Stone Arrow and
                  | Lee's Rapid Deconstruction to your library.
 20362 | D:15     | Entered Level 15 of the Dungeon
 20679 | D:14     | HP: 51/222 [meliai/divine providence (13)]
 20681 | D:14     | HP: 23/222 [meliai (5)]
 20684 | D:14     | HP: 9/222 [meliai (7)]
 20684 | D:14     | HP: 4/222 [meliai (5)]
 20685 | D:14     | Slain by a meliai

Vanquished Creatures
  A tentacled starspawn (Abyss:1)
  Josephine (D:11)
  Fannar (D:10)
  A boulder beetle (D:11)
  3 hydras
  2 centaur warriors
  3 two-headed ogres
  A death knight (D:12)
  2 large abominations (Abyss:1)
  A swamp dragon (shapeshifter) (D:13)
  Pikel (D:6)
  A phantasmal warrior (D:12)
  A deep elf pyromancer (D:14)
  A worldbinder (Abyss:1)
  6 ugly things
  A manticore (D:13)
  5 cyclopes
  A smoke demon (Abyss:1)
  Psyche (D:8)
  A komodo dragon (D:13)
  3 freezing wraiths (D:12)
  2 kobold demonologists (D:11)
  An efreet (D:12)
  2 ancient zymes (Abyss:1)
  5 trolls
  5 meliai
  Sigmund (D:5)
  4 wraiths
  A basilisk (shapeshifter) (D:13)
  A wyvern (D:10)
  A basilisk (D:12)
  8 yaks
  2 neqoxecs (Abyss:1)
  2 steam dragons
  2 wargs (D:11)
  2 vampire mosquitoes (D:13)
  An acid dragon (D:14)
  2 water moccasins
  A black bear (D:8)
  An ice beast (Abyss:1)
  4 orc warriors
  2 sky beasts
  A hornet zombie (D:5)
  2 ogres (D:7)
  2 lemures (D:6)
  A manticore skeleton (Abyss:1)
  2 centaurs (D:9)
  2 phantoms
  3 kobold brigands (D:11)
  Blork the orc (D:5)
  2 elf zombies (Ossuary)
  2 bullfrogs (D:7)
  2 small abominations (Abyss:1)
  2 scorpions (D:5)
  2 gnoll sergeants (D:13)
  A water moccasin zombie (D:5)
  A wyvern skeleton (D:7)
  17 wights
  A howler monkey (D:8)
  5 centaur zombies
  14 orc priests
  2 jellies
  Crazy Yiuf (D:3)
  3 human zombies (Ossuary)
  2 hounds
  2 bullfrog skeletons
  A gnoll shaman (D:8)
  An iron imp (Abyss:1)
  4 iguanas
  6 orc wizards
  A killer bee zombie (D:7)
  A hound skeleton (D:4)
  3 howler monkey zombies
  3 mummies
  17 gnolls
  10 adders
  A shadow imp (D:6)
  3 white imps
  2 ufetubi (Abyss:1)
  2 adder zombies (Ossuary)
  A worm (D:3)
  4 dart slugs
  27 orcs
  A bat (D:1)
  5 endoplasms
  A giant cockroach (D:3)
  6 goblins
  6 hobgoblins
  4 jackals (D:4)
  7 kobolds
  A quokka (D:5)
  10 ball pythons
  2 frilled lizards
  2 goblin skeletons (D:8)
  12 hobgoblin zombies
  A kobold skeleton (D:8)
  13 kobold zombies
  3 orc skeletons (D:8)
  10 orc zombies
  10 rats
  A rat zombie (Ossuary)
343 creatures vanquished.

Vanquished Creatures (others)
  2 starspawn tentacles (Abyss:1)
  2 withered plants (D:3)
4 creatures vanquished.

Grand Total: 347 creatures vanquished

Table legend:
 A = Non-vault XP
 B = Vault XP
 C = Vault XP percentage of total XP
 D = Non-vault monster count
 E = Vault monster count
 F = Vault count percentage of total count
                 A         B        C        D         E       F
            +---------+---------+-------+---------+---------+-------
      Total |   38158 |    5320 |  12.2 |     251 |      90 |  26.4
            +---------+---------+-------+---------+---------+-------
        D:1 |      26 |       3 |  10.3 |      15 |       2 |  11.8
        D:2 |      74 |      35 |  32.1 |      18 |       7 |  28.0
        D:3 |     131 |      42 |  24.3 |      15 |       1 |   6.2
        D:4 |     524 |      16 |   3.0 |      35 |       1 |   2.8
        D:5 |     659 |     319 |  32.6 |      16 |       2 |  11.1
        D:6 |     657 |     607 |  48.0 |      19 |       1 |   5.0
        D:7 |     851 |       0 |   0.0 |       9 |       0 |   0.0
        D:8 |    2053 |     471 |  18.7 |      17 |      18 |  51.4
        D:9 |    2566 |      90 |   3.4 |      22 |       4 |  15.4
       D:10 |    1433 |    1191 |  45.4 |       7 |       2 |  22.2
       D:11 |    4861 |    2100 |  30.2 |      15 |      13 |  46.4
       D:12 |    6251 |       0 |   0.0 |      15 |       0 |   0.0
       D:13 |    7074 |       0 |   0.0 |      23 |       0 |   0.0
       D:14 |    4751 |       0 |   0.0 |       9 |       0 |   0.0
    Abyss:1 |    6247 |       0 |   0.0 |      16 |       0 |   0.0
    Ossuary |       0 |     446 | 100.0 |       0 |      39 | 100.0
            +---------+---------+-------+---------+---------+-------

Illustrated notes

Table legend:
 A = Kills in this place as a percentage of kills in entire the game.
 B = Kills by you in this place as a percentage of kills by you in the entire game.
 C = Kills by friends in this place as a percentage of kills by friends in the entire game.
 D = Other kills in this place as a percentage of other kills in the entire game.
 E = Experience gained in this place as a percentage of experience gained in the entire game.
 F = Experience gained in this place divided by the number of levels of this place that you have seen.
                   A       B       C       D       E      F
               +-------+-------+-------+-------+-------+----------------------
         Total | 100.0 | 100.0 |   N/A |   N/A | 100.0 | 2557.5
       Dungeon |  83.9 |  83.9 |   N/A |   N/A |  84.6 | 2452.3
         Abyss |   4.7 |   4.7 |   N/A |   N/A |  14.4 | 6247.0
       Ossuary |  11.4 |  11.4 |   N/A |   N/A |   1.0 | 446.0
               +-------+-------+-------+-------+-------+----------------------

Table legend: (Time is in decaauts)
 A = Elapsed time spent in this place.
 B = Non-inter-level travel time spent in this place.
 C = Inter-level travel time spent in this place.
 D = Time resting spent in this place.
 E = Time spent auto-exploring this place.
 F = Levels seen in this place.
 G = Mean time per level.
                   A        B        C        D        E       F      G
               +--------+--------+--------+--------+--------+-----+--------+
         Total |  21499 |  19943 |   1556 |   7905 |   8232 |  17 | 1264.6 |
       Dungeon |  19411 |  17855 |   1556 |   6572 |   8228 |  15 | 1294.1 |
         Abyss |    886 |    886 |      0 |    468 |      0 |   1 |  886.0 |
       Ossuary |   1201 |   1201 |      0 |    864 |      4 |   1 | 1201.0 |
               +--------+--------+--------+--------+--------+-----+--------+

Top non-repeatable levels by time:
     D:8: 2233 daAuts
     D:4: 2076 daAuts
     D:9: 1907 daAuts
     D:2: 1723 daAuts
     D:6: 1629 daAuts
    D:13: 1504 daAuts
     D:3: 1457 daAuts
    D:11: 1212 daAuts
 Ossuary: 1201 daAuts
     D:5: 1077 daAuts
    D:10: 1071 daAuts
     D:7: 1053 daAuts
     D:1: 979 daAuts
    D:12: 932 daAuts
 Abyss:1: 886 daAuts
